 Dungeon Crawl Stone Soup version 0.30-a0-1164-ge08a67761e (webtiles) character file.

Game seed: 142023950097429205

315 Querens the Conjurer (level 6, 0/32 HPs)
             Began as a Deep Elf Conjurer on Apr 29, 2023.
             Slain by Grinder (2 damage)
             ... while paralysed by Grinder
             ... on level 3 of the Dungeon.
             The game lasted 00:08:33 (1647 turns).

Querens the Conjurer (Deep Elf Conjurer)            Turns: 1647, Time: 00:08:33

Health: 0/32       AC:  3    Str:  4    XL:     6   Next: 20%
Magic:  11/17      EV:  2    Int: 25    God:
Gold:   213        SH:  0    Dex: 13    Spells: 7/18 levels left

rFire   . . .        r - +0 scythe (pain)
rCold   . . .        (shield currently unavailable)
rNeg    . . .        a - +0 robe
rPois   +            (no helmet)
rElec   .            (no cloak)
rCorr   +            e - +0 pair of gloves
SInv    .            (no boots)
Will    .....        (no amulet)
Stlth   ++           w - ring "Usocsi" {Wiz rPois}
HPRegen 0.25/turn    q - ring of resist corrosion
MPRegen 0.15/turn

%: wizardry (x1)
@: paralysed
A: no striking features
a: no special abilities


You were on level 3 of the Dungeon.
You visited 1 branch of the dungeon, and saw 3 of its levels.

You collected 213 gold pieces.

Inventory:

Hand Weapons
 r - a +0 scythe of pain (weapon)
Armour
 a - a +0 robe (worn)
 e - a +0 pair of gloves (worn)
Jewellery
 q - a ring of resist corrosion (right hand)
 w - the ring "Usocsi" (left hand) {Wiz rPois}
   (You found it on level 3 of the Dungeon)

   [ring of wizardry]

   It improves your spell success rate.
   rPois:     It protects you from poison.
Wands
 t - a wand of flame (12)
 u - a wand of mindburst (16)
Scrolls
 f - a scroll of torment {unknown}
 g - a scroll of poison {unknown}
 h - a scroll of noise {unknown}
 i - a scroll of teleportation {unknown}
 j - a scroll of fear {unknown}
 k - 4 scrolls of butterflies {unknown}
 l - 2 scrolls of fog {unknown}
 m - a scroll of vulnerability {unknown}
 s - 3 scrolls of identify {unknown}
Potions
 b - a potion of magic
 c - a potion of brilliance {unknown}
 d - 2 potions of curing {unknown}
 n - 2 potions of heal wounds {unknown}
 o - a potion of might {unknown}
 p - a potion of degeneration {unknown}
 v - a potion of ambrosia {unknown}


   Skills:
 - Level 2.4 Dodging
 - Level 2.4 Stealth
 + Level 6.5 Spellcasting
 + Level 6.6 Conjurations
 + Level 0.0 Translocations


You had 7 spell levels left.
You knew the following spells:

 Your Spells              Type           Power      Damage    Failure   Level
a - Magic Dart            Conj           100%       1d8       1%          1
b - Searing Ray           Conj           82%        2d7       1%          2
c - Iskenderun's Mystic   Conj/Tloc      24%        2d7       8%          4
d - Fulminant Prism       Conj/Hex       12%        3d8       8%          4

Your spell library contained the following spells:

 Spells                   Type           Power      Damage    Failure   Level
 Beastly Appendage        Tmut           16%        N/A       2%          1
 Dazzling Flash           Conj/Hex       48%        N/A       2%          3
 Wereblood                Tmut           8%         N/A       4%          2
 Spider Form              Tmut/Pois      8%         N/A       9%          3


Dungeon Overview and Level Annotations

Branches:
Dungeon (3/15)

Altars:
Kikubaaqudgha
The Shining One

Shops:
D:1 (

Annotations:
D:3 Grinder


Message History

(Press . to maintain the ray.)
The gnoll shouts!
You hear a shout!
Unknown command.
The searing ray misses Grinder.
Unknown command.
Unknown command.
The searing ray hits Grinder.
Grinder is moderately wounded.
The gnoll hits you from afar with a +0 spear.
Unknown command.
Unknown command.
The searing ray misses Grinder.
The searing ray misses the gnoll.
You finish channelling your searing ray.
Grinder hits you!
The gnoll hits you from afar with a +0 spear.
Unknown command.
Unknown command.
Casting: Searing Ray (safe; 1% risk of failure)
Confirm with . or Enter, or press ? or * to list all spells.
Aiming: Searing Ray (safe; 1% risk of failure)
Press: ? - help, Shift-Dir - straight line, f/p - Grinder
Aim: Grinder (lightly wounded, 80% to hit)
The searing ray hits Grinder.
Grinder is moderately wounded.
The searing ray hits the gnoll.
The gnoll is moderately wounded. (Press . to maintain the ray.)
The gnoll shouts!
Grinder gestures at you.
You suddenly lose the ability to move!
The gnoll hits you from afar with a +0 spear.
Grinder hits you.
* * * LOW HITPOINT WARNING * * *
You writhe in agony.
* * * LOW HITPOINT WARNING * * *
The gnoll hits you but does no damage. The gnoll hits you but does no damage.
Grinder hits you.
* * * LOW HITPOINT WARNING * * *
You writhe in agony.
You die...

g.. .. .# ...#. 5#
+#g#.###.###
.......... ......
#..# #.##.# #gg# #
#.##.####.5#### #
#.##.#....g@..# ##
#.##.#.######.# .#
#.##.#..[##.. # ##
#.##.###.######
######.##.#...##...#
..........#.######.#
######.##.#........#
#.##.####..####
#.##.# #..#


You could see Grinder, a gnoll bouda and 3 gnolls.

Vanquished Creatures
  Sigmund (D:2)
  Terence (D:2)
  Ijyb (D:3)
  5 adders
  4 worms
  3 dart slugs
  A ball python (D:2)
  6 bats
  5 endoplasms
  2 giant cockroaches
  3 goblins
  3 hobgoblins
  3 quokkas
  5 frilled lizards
  4 kobolds
  4 rats
51 creatures vanquished.

Notes
Turn   | Place    | Note
-------+----------+-------------------------------------------
     0 | D:1      | Querens the Deep Elf Conjurer began the quest for the Orb.
     0 | D:1      | Reached XP level 1. HP: 10/10 MP: 6/6
   168 | D:1      | Reached XP level 2. HP: 15/15 MP: 4/8
   171 | D:1      | Learned a level 2 spell: Searing Ray
   567 | D:1      | Found Hophetem's Antique Weapon Shoppe.
   631 | D:2      | You fall into a shaft and drop 1 floor!
   681 | D:2      | Reached skill level 5 in Conjurations
   681 | D:2      | Reached XP level 3. HP: 19/19 MP: 2/10
   860 | D:2      | Noticed Terence
   869 | D:2      | Killed Terence
   943 | D:2      | Reached XP level 4. HP: 24/24 MP: 1/12
  1011 | D:2      | Noticed Sigmund
  1111 | D:2      | Reached skill level 5 in Spellcasting
  1154 | D:2      | Killed Sigmund
  1155 | D:2      | Reached XP level 5. HP: 28/28 MP: 6/15
  1317 | D:3      | Reached XP level 6. HP: 32/32 MP: 12/17
  1413 | D:3      | Found an ancient bone altar of Kikubaaqudgha.
  1480 | D:3      | Noticed Ijyb
  1492 | D:3      | Killed Ijyb
  1547 | D:3      | Found a glowing golden altar of the Shining One.
  1547 | D:3      | Identified the ring "Usocsi" {Wiz rPois}
  1564 | D:3      | Learned a level 4 spell: Iskenderun's Mystic Blast
  1569 | D:3      | Learned a level 4 spell: Fulminant Prism
  1631 | D:3      | Noticed Grinder
  1645 | D:3      | Paralysed by Grinder for 3 turns
  1647 | D:3      | Slain by Grinder

Illustrated notes

Levels and vault maps discovered:
D:1:      heliophobic_arrival_henge, layout_loops_ring, serial_shops, shop,
          corexii_leaking_fountain
D:2:      layout_basic, uniq_terence, uniq_sigmund
D:3:      layout_basic, amcnicky_altar_gilded, nicolae_tso_carved_into_rock,
          bh_walls_and_bars, uniq_grinder, uniq_ijyb, uniq_crazy_yiuf_cottage

Skill      XL: |  1  2  3  4 |
---------------+-------------+-----
Spellcasting   | 4 6 |  6.5
Conjurations   | 5 6 |  6.6
Dodging        | |  2.4
Stealth        | |  2.4

Action                     |  1- 3 |  4- 6 || total
---------------------------+-------+-------++-------
  Melee: Unarmed           |     9 |     1 ||    10
         Halberd           |       |     9 ||     9
   Cast: Magic Dart        |    53 |     4 ||    57
         Searing Ray       |     7 |    14 ||    21
 Armour: Robe              |    11 |     6 ||    17
  Dodge: Dodged            |    15 |    15 ||    30

Table legend: (Time is in decaauts)
 A = Elapsed time spent in this place.
 B = Non-inter-level travel time spent in this place.
 C = Inter-level travel time spent in this place.
 D = Time resting spent in this place.
 E = Time spent auto-exploring this place.
 F = Levels seen in this place.
 G = Mean time per level.
                   A        B        C        D        E       F      G
               +--------+--------+--------+--------+--------+-----+--------+
         Total |   1649 |   1625 |     24 |      6 |      0 |   3 |  549.7 |
       Dungeon |   1649 |   1625 |     24 |      6 |      0 |   3 |  549.7 |
               +--------+--------+--------+--------+--------+-----+--------+

Top non-repeatable levels by time:
     D:1: 607 daAuts
     D:2: 606 daAuts
     D:3: 436 daAuts
